 Dungeon Crawl Stone Soup version 0.29.1-15-g9cfb28693d (webtiles) character file.

Game seed: 1035029995365207746

441 LLlMATKO the Trooper (level 6, -1/56 HPs)
             Began as a Minotaur Berserker on Apr 6, 2023.
             Was a Believer of Trog.
             Succumbed to a scorpion's poison
             ... on level 5 of the Dungeon.
             The game lasted 00:03:25 (3072 turns).

LLlMATKO the Trooper (Minotaur Berserker)           Turns: 3072, Time: 00:03:26

Health: -1/56      AC:  8    Str: 23    XL:     6   Next: 71%
Magic:  5/5        EV: 13    Int:  4    God:    Trog [**....]
Gold:   224        SH:  0    Dex: 16    Spells: 5/5 levels left

rFire   . . .      SeeInvis .   A - +0 war axe
rCold   + . .      Faith    .   (no shield)
rNeg    . . .      Spirit   .   w - +0 ring mail
rPois   .          Reflect  .   (helmet restricted)
rElec   .          Harm     .   (no cloak)
rCorr   .          Rampage  .   (no gloves)
Will    +....                   v - +1 pair of boots
Stlth   +.........              (no amulet)
HPRegen 0.18/turn               z - ring of Eleiquy {rC+ Dex+6}
MPRegen 0.09/turn               C - ring of willpower

@: lethally poisoned (-1 -> -14), on berserk cooldown, slowed, very slow
A: horns 2, retaliatory headbutt
a: Renounce Religion, Berserk, Trog's Hand


You were on level 5 of the Dungeon.
You worshipped Trog.
Trog was pleased with you.
You visited 1 branch of the dungeon, and saw 5 of its levels.

You collected 224 gold pieces.

Inventory:

Hand Weapons
 A - a +0 war axe (weapon)
Missiles
 y - 2 poisoned darts (quivered)
Armour
 v - a +1 pair of boots (worn)
 w - a +0 ring mail (worn)
Jewellery
 z - the ring of Eleiquy (left hand) {rC+ Dex+6}
   (You found it on level 3 of the Dungeon)

   [ring of protection from cold]

   Dex:       It affects your dexterity (+6).
   rC:        It protects you from cold.
 C - a ring of willpower (right hand)
Scrolls
 b - a scroll of amnesia {unknown}
 c - 2 scrolls of noise {unknown}
 d - a scroll of teleportation {unknown}
 e - a scroll of torment {unknown}
 f - a scroll of acquirement {unknown}
 g - 2 scrolls of immolation {unknown}
 i - 2 scrolls of enchant weapon {unknown}
 k - 3 scrolls of identify {unknown}
 l - 2 scrolls of butterflies {unknown}
 m - 2 scrolls of vulnerability {unknown}
 n - a scroll of enchant armour {unknown}
 o - a scroll of brand weapon {unknown}
 p - a scroll of fear {unknown}
 t - a scroll of magic mapping {unknown}
Potions
 a - 2 potions of magic {unknown}
 h - 2 potions of lignification {unknown}
 j - a potion of brilliance {unknown}
 q - 2 potions of cancellation {unknown}
 r - a potion of flight {unknown}
 s - a potion of curing {unknown}
 u - a potion of degeneration {unknown}
 B - a potion of mutation {unknown}


   Skills:
 + Level 5.5 Fighting
 + Level 5.5 Axes
 + Level 4.8 Armour
 + Level 4.3 Dodging


You had 5 spell levels left.
You didn't know any spells.
Your spell library was empty.

Dungeon Overview and Level Annotations

Branches:
Dungeon (5/15)
 Temple: D:4-7

Altars:
Nemelex Xobeh
Ru


Innate Abilities, Weirdness & Mutations

You have a pair of horns on your head.
You reflexively headbutt those who attack you in melee.


Message History

The scorpion poisons you!
A red film seems to cover your vision as you go berserk!
You feel yourself moving faster!
You feel mighty!
You feel very sick. The scorpion stings you.
You are more poisoned.
The scorpion poisons you!
Okay, then.
You closely miss the scorpion.
The scorpion is severely wounded.
You barely miss the worm.
You feel very sick. The scorpion stings you.
You are lethally poisoned!
The scorpion poisons you! The worm bites you!
* * * LOW HITPOINT WARNING * * *
You barely miss the scorpion. You headbutt the scorpion.
You kill the scorpion!
Trog accepts your kill.
You slash the worm!
* * * LOW HITPOINT WARNING * * *
You feel very sick.
You slash the worm!
You kill the worm!
Trog accepts your kill.
* * * LOW HITPOINT WARNING * * *
You feel very sick.
You are too berserk!
There is a lethal amount of poison in your body!
* * * LOW HITPOINT WARNING * * *
You feel sick.
You feel a strong urge to attack something.
* * * LOW HITPOINT WARNING * * *
You feel very sick.
* * * LOW HITPOINT WARNING * * *
You feel very sick.
You feel your anger nearly subside.
You are no longer berserk.
You are exhausted.
You feel yourself slow down.
You die...

#......####
#.........#
#.........#
#.........#
#.........#. #
#.........'.
.#.#..††.....#
.....#@#....?#
#...........#
########......##
........≈≈≈≈≈≈≈≈
.≈≈≈≈≈≈≈.......≈
.≈......######.≈
.≈.#####.....# ≈
.≈ #....≈≈≈≈.# .
#.≈≈≈...≈.#.≈.


There were no monsters in sight!

Vanquished Creatures
  An ogre (D:5)
  2 necrophages
  A scorpion (D:5)
  A jelly (D:4)
  A hound (D:5)
  5 adders
  3 worms
  4 orcs (D:3)
  2 bats
  6 endoplasms
  A giant cockroach (D:4)
  5 goblins
  4 hobgoblins
  10 jackals
  2 quokkas
  6 ball pythons
  2 frilled lizards
  2 kobolds (D:3)
  5 rats
63 creatures vanquished.

Notes
Turn   | Place    | Note
-------+----------+-------------------------------------------
     0 | D:1      | LLlMATKO the Minotaur Berserker began the quest for the
                  | Orb.
     0 | D:1      | Reached XP level 1. HP: 19/19 MP: 0/0
   351 | D:1      | Reached XP level 2. HP: 27/27 MP: 1/1
   910 | D:2      | Reached XP level 3. HP: 30/33 MP: 2/2
  1241 | D:2      | Reached ** piety under Trog
  1554 | D:3      | Reached XP level 4. HP: 38/40 MP: 3/3
  1585 | D:3      | Found a faded altar of an unknown god.
  1924 | D:3      | Identified the ring of Eleiquy {rC+ Dex+6}
  2657 | D:4      | Noticed a necrophage
  2670 | D:4      | Killed a necrophage
  2671 | D:4      | Reached XP level 5. HP: 47/47 MP: 4/4
  2912 | D:5      | Entered Level 5 of the Dungeon
  2914 | D:5      | Noticed an ogre
  2919 | D:5      | Killed an ogre
  2920 | D:5      | Reached skill level 5 in Fighting
  2920 | D:5      | Reached skill level 5 in Axes
  2920 | D:5      | Reached XP level 6. HP: 56/56 MP: 5/5
  3040 | D:5      | Found a sacrificial altar of Ru.
  3043 | D:5      | Found a sparkling altar of Nemelex Xobeh.
  3070 | D:5      | HP: 4/84 [poisoned by a scorpion]
  3071 | D:5      | HP: 1/84 [poisoned by a scorpion]
  3072 | D:5      | Succumbed to a scorpion's poison

Illustrated notes

Levels and vault maps discovered:
D:1:      ebering_hopf_link, layout_basic
D:2:      layout_rooms, chequers_serial_rivers_small_3
D:3:      layout_rooms, hellmonk_ecumenical_altar_defaced_shrine
D:4:      layout_basic
D:5:      layout_basic, nicolae_overflow_squiral, kennysheep_small_square,
          uniq_crazy_yiuf_cottage, uniq_ijyb

Skill      XL: |  1  2  3  4  5  6 |
---------------+-------------------+-----
Fighting       | 4 5 |  5.5
Axes           | 4 5 |  5.5
Armour         | 3 4 |  4.8
Dodging        | 3 4 |  4.3

Action                   |  1- 3 |  4- 6 || total
-------------------------+-------+-------++-------
Melee: Hand axe          |    56 |    16 ||    72
       Headbutt          |     5 |    10 ||    15
       War axe           |       |    32 ||    32
       Punch             |       |     1 ||     1
Invok: Berserk           |     1 |     3 ||     4
Armor: Animal skin       |     6 |       ||     6
       Ring mail         |     8 |    14 ||    22
Dodge: Dodged            |    48 |    18 ||    66
